Cogmind - Beta 15 @@@ ROGUE MODE // 2025.05.08 @ 21:00:01 Player: AnotherZach Result: Destroyed by G-50 Soldier with Heavy Laser Performance ------------- Evolutions (4) 2000 Regions Visited (9) 1800 Robots Destroyed (267) 1335 Value Destroyed (7040) 7040 Prototype IDs (15) 300 Alien Tech Used (0) 0 Bonus (466) 466 TOTAL SCORE: 12941 Bonus ------- High Alert Combat Kills 209 Follower Combat Kills 592 Friendly Fire -335 Cogmind --------- Core Integrity 0/850 Matter 291/300 Energy 129/200 System Corruption 15% Temperature Cool (27) Movement Walking (120) Location -6/Extension Parts ------- > --- POWER (1) -------- Cold Fusion Reactor > --- PROPULSION (6) --- Carbon-fiber Leg Flexi-carbon Leg Flexi-carbon Leg Flexi-carbon Leg Flexi-carbon Leg Myomer Leg > --- UTILITY (5) ------ Improved Cooling System Coolant Injector Medium Storage Unit System Shield > --- WEAPON (3) ------- Pulse Rifle Pulse Rifle Pulse Rifle > --- INVENTORY (10) --- Neutrino Core Improved VTOL Module Improved VTOL Module Improved VTOL Module Matter Compressor (245) Advanced Terrain Scanner Authchip [Propulsion] High-powered Tractor Beam Pulse Rifle Peak State ------------ > --- POWER ------------ Light Fission Core > --- PROPULSION ------- Armored Treads Armored Treads Improved Carbon-fiber Leg Improved Carbon-fiber Leg Improved Carbon-fiber Leg Improved Carbon-fiber Leg > --- UTILITY ---------- Advanced Heat Sink Improved Cooling System High-capacity Storage Unit Improved Light Armor Plating Hacking Suite > --- WEAPON ----------- Precision Assault Rifle Precision Assault Rifle Precision Assault Rifle > --- INVENTORY -------- Improved Deuterium Engine Improved VTOL Module Improved VTOL Module Improved VTOL Module Improved VTOL Module Improved VTOL Module Improved VTOL Module Large Matter Pod Enhanced Optical Array Recoil Stabilizer Improved Light Armor Plating Reactive Plating Thermal Shield Authchip [Propulsion] Advanced Beam Rifle Precision Assault Rifle Mini Assault Cannon Mini Assault Cannon [Rating: 65] Favorites ----------- Power Ion Engine Engine Ion Engine Power Core Enhanced Nuclear Core Reactor Cold Fusion Reactor Propulsion Improved Carbon-fiber Leg Treads Improved Treads Leg Improved Carbon-fiber Leg Wheel Wheel Flight Unit Improved VTOL Module Utility Large Storage Unit Device Recoil Stabilizer Storage Large Storage Unit Processor Improved Signal Interpreter Hackware Hacking Suite Protection Medium Armor Plating Weapon Improved Assault Rifle Energy Gun Pulse Rifle Ballistic Gun Improved Assault Rifle Ballistic Cannon Mini Assault Cannon Launcher Heavy Rocket Launcher Special Weapon Welding Torch Slashing Weapon Katana Piercing Weapon Lance Build | -11 -10 -9 -8 -7 -7 -6 -6 -6 -6 ------- Run | Yrd Mat Mat Mat Fac Sto Fac Was Fac Ext Slots Evolved 8 | . . 2 2 2 . 2 . . . Power . | . . . . . . . . . . Propulsion 4 | . . 1 . 1 . 2 . . . Utility 3 | . . . 2 1 . . . . . Weapon 1 | . . 1 . . . . . . . Parts Attached 178 | 8 10 21 22 27 36 22 . 9 23 Power 13 | 1 . 1 3 1 4 1 . 2 . Engine 8 | 1 . 1 2 1 2 . . 1 . Core 4 | . . . 1 . 2 1 . . . Reactor 1 | . . . . . . . . 1 . Propulsion 54 | 2 1 9 5 8 14 7 . . 8 Treads 18 | . . 3 5 1 7 2 . . . Leg 24 | . . 4 . 7 5 . . . 8 Wheel 4 | 2 1 1 . . . . . . . Hover . | . . . . . . . . . . Flight 8 | . . 1 . . 2 5 . . . Utility 50 | 2 3 6 6 10 6 10 . 3 4 Device 17 | 1 . 2 3 1 3 4 . . 3 Storage 8 | 1 2 . 1 1 . 2 . 1 . Processor 5 | . . . . 3 1 1 . . . Hackware 6 | . . . . 2 . 2 . 2 . Protection 14 | . 1 4 2 3 2 1 . . 1 Artifact . | . . . . . . . . . . Weapon 61 | 3 6 5 8 8 12 4 . 4 11 Energy Gun 14 | . . . 2 . 6 1 . 1 4 Energy Cannon . | . . . . . . . . . . Ballistic Gun 26 | 3 3 4 5 1 5 1 . . 4 Ballistic Cannon 11 | . 3 1 1 4 1 1 . . . Launcher 5 | . . . . 2 . 1 . . 2 Special Weapon 1 | . . . . . . . . . 1 Impact Weapon . | . . . . . . . . . . Slashing Weapon 2 | . . . . 1 . . . 1 . Piercing Weapon 2 | . . . . . . . . 2 . Special Melee Weapon . | . . . . . . . . . . Unidentified Prototypes 14 | . . 2 2 2 7 . . 1 . Parts Lost 35 | . . 1 3 5 10 . . 1 15 Power 4 | . . . 1 . 2 . . . 1 Propulsion 8 | . . 1 . . 3 . . . 4 Utility 9 | . . . . 2 3 . . . 4 Weapon 14 | . . . 2 3 2 . . 1 6 Highest Loss Streak 7 | . . 1 1 3 3 . . 1 7 To Critical Strikes 2 | . . . 1 . . . . . 1 Average Backups 14 | 4 12 14 14 15 18 19 8 9 9 Power . | . . . . . . 1 1 . . Propulsion 3 | 2 2 1 3 3 7 6 . . 2 Utility 6 | . 5 7 6 7 7 8 6 7 5 Weapon 3 | . 3 3 3 3 3 3 1 1 1 Tool/Special . | . . . . . . . . . . Unused Backups 36 | . 5 4 8 1 4 3 . 4 7 Power 3 | . 1 1 . . . . . . 1 Propulsion 10 | . 3 1 . 1 4 1 . . . Utility 15 | . 1 2 3 . . 2 . 3 4 Weapon 7 | . . . 4 . . . . 1 2 Tool/Special 1 | . . . 1 . . . . . . Average Slot Usage (%) 97 | . 99 98 99 99 97 96 93 90 82 Engine 6 | . 13 11 6 7 1 . . 1 . Core 1 | . . . 2 . 5 6 6 . . Treads 11 | . . 8 26 . 22 9 . . . Leg 12 | . . 20 . 28 6 25 . . 19 Wheel 3 | . 28 3 . . . . . . . Flight 2 | . . . . . . 1 40 39 11 Device 9 | . 2 . 18 8 6 10 6 2 10 Storage 8 | . 14 11 9 7 7 6 6 6 6 Processor 3 | . . . . 13 6 . . . . Hackware 3 | . . . . 1 7 11 20 23 7 Protection 7 | . 11 10 8 6 8 3 . . 3 Energy Gun 1 | . . . . . 4 . . . 7 Ballistic Gun 19 | . 24 32 26 12 10 17 6 4 2 Ballistic Cannon 2 | . 3 . . 5 5 1 2 . . Peak Build Rating 65 | 7 12 23 34 54 59 65 61 64 60 Average Rating 37 | 5 11 21 29 47 49 62 56 60 53 On Entrance 35 | . 7 12 21 31 54 59 58 58 59 Naked Turns . | . . . . . . . . . . Heaviest Build 75 | 14 39 41 50 75 71 69 29 30 50 Greatest Support 120 | 20 20 69 69 91 89 72 30 30 120 Greatest Overweight (x) 2 | . 1 2 . 1 2 . . . 1 Average Overweight (x) . | . . . . . . . . . . Largest Inventory Capacity 20 | 8 15 15 15 20 20 20 10 10 10 Average Capacity 15 | 6 13 15 15 18 20 19 10 10 10 Most Carried 20 | 6 15 15 15 20 20 20 10 10 10 Average Carried 15 | 4 12 14 14 17 19 19 8 9 9 Final Capacity 20 | 8 15 15 15 20 20 10 10 10 10 Final Carried 20 | 6 15 15 15 20 20 8 10 10 9 Class Distribution -------------------- 45% | Tank 22% | Mutant 9% | Gunner 5% | Skirmisher 3% | Hacker-Sprinter 3% | Hacker-Mutant Dominant Class ---------------- Mutant | -10/Materials Tank | -9/Materials Tank | -8/Materials Mutant | -7/Factory Tank | -7/Storage Tank | -6/Factory Tank | -6/Waste Hacker-Sprinter | -6/Factory Commander-Tank | -6/Extension Resources | -11 -10 -9 -8 -7 -7 -6 -6 -6 -6 ----------- Run | Yrd Mat Mat Mat Fac Sto Fac Was Fac Ext Matter Collected 8198 | 356 380 887 1597 1553 1532 629 . 577 687 Remotely 1004 | . . 280 243 365 116 . . . . Salvage Created 9525 | 191 685 1617 2128 1601 1612 917 . 260 514 Parts 539 | 10 50 98 115 106 69 46 . 16 29 Haulers Intercepted 15 | . 2 4 4 2 3 . . . . Recyclers Shooed 13 | 1 1 1 3 3 2 . . 1 1 Parts Field Recycled 36 | . . 6 30 . . . . . . Retrieved Matter 243 | . . 72 171 . . . . . . Parts Self-Destructed . | . . . . . . . . . . Prevented . | . . . . . . . . . . Kills | -11 -10 -9 -8 -7 -7 -6 -6 -6 -6 ------- Run | Yrd Mat Mat Mat Fac Sto Fac Was Fac Ext Combat Hostiles Destroyed 150 | . 14 30 31 29 29 6 . . 11 Melee 4 | . . . . 2 2 . . . . Guns 113 | . 14 30 31 13 15 4 . . 6 Cannons 13 | . . . . 6 7 . . . . AOE 20 | . . . . 8 5 2 . . 5 Classes Destroyed 16 | 3 5 1 3 3 1 . . . . Worker 32 | 1 3 6 1 10 1 6 . 1 3 Builder 19 | . 2 . 2 11 1 2 . . 1 Tunneler 11 | 3 . . 2 2 . . . 3 1 Hauler 15 | . 2 4 4 2 3 . . . . Recycler 21 | 1 1 3 5 4 2 4 . 1 . Mechanic 2 | . . . 1 . 1 . . . . Operator 4 | . . . 1 . 1 1 . 1 . Watcher 12 | . 2 2 4 2 1 . . . 1 Swarmer 35 | . 9 13 6 3 4 . . . . Grunt 58 | . 5 12 14 11 12 4 . . . Brawler 3 | . . . . . 3 . . . . Duelist 1 | . . . . 1 . . . . . Protector 2 | . . . . 1 1 . . . . Sentry 32 | . . 5 9 5 5 . . . 8 Hunter 9 | . . . 2 3 1 2 . . 1 Programmer 9 | . . . . 5 3 . . . 1 Thug 2 | . . . . . 1 . . . 1 Best Kill Streak 14 | 2 4 12 5 14 8 6 . 2 7 Combat Bots Only 7 | . 3 6 4 6 7 3 . . 7 Max Kills in Single Turn 5 | 1 1 3 2 5 2 4 . 1 3 Gunslinging 1 | . . 1 . . . . . . . Exploded 3 | . . . . 3 2 1 . . 2 Melee 1 | . . . . 1 1 . . . . Uniques/NPCs Destroyed . | . . . . . . . . . . Combat | -11 -10 -9 -8 -7 -7 -6 -6 -6 -6 -------- Run | Yrd Mat Mat Mat Fac Sto Fac Was Fac Ext Hostile Shots Fired 1588 | . 51 129 210 304 377 59 . 37 421 Missed 624 | . 16 44 65 112 138 22 . 22 205 Hits 964 | . 35 85 145 192 239 37 . 15 216 Melee 1 | . . . . . 1 . . . . Projectile 963 | . 35 85 145 192 238 37 . 15 216 Critical Strikes 19 | . . 2 7 2 1 2 . . 5 Damage Taken 11838 | . 361 998 2100 2011 2963 747 33 204 2421 Core 1738 | . 66 51 238 254 274 158 11 27 659 Absorbed by Shields . | . . . . . . . . . . Ignored by Resistances 139 | . . . 36 83 20 . . . . Regen/Repaired (Parts) 406 | . 52 86 138 114 . . . 16 . Core Remaining (%) 68 | 100 73 87 56 . 24 . . . . Volleys Fired 496 | 19 50 87 125 67 70 31 1 . 46 Largest 3 | 2 2 3 3 3 3 3 2 . 3 Hottest 189 | 40 56 69 93 118 183 161 64 . 189 Shots Fired 1269 | 38 100 253 369 167 177 85 3 . 77 Gun 1126 | 38 99 249 365 108 134 69 1 . 63 Cannon 94 | . 1 4 4 38 34 13 . . . Launcher 49 | . . . . 21 9 3 2 . 14 Special . | . . . . . . . . . . Kinetic 1155 | 38 100 253 356 146 146 74 1 . 41 Thermal 52 | . . . . . 22 8 . . 22 Explosive 49 | . . . . 21 9 3 2 . 14 Electromagnetic 13 | . . . 13 . . . . . . Robot Hit Streak 28 | 10 6 13 15 14 14 28 . . 10 Robot Miss Streak 7 | 2 4 4 5 7 7 1 . . 4 Penetration Max 1 | . . . . . 1 . . . . Secondary Targets 19 | . 2 6 7 1 3 . . . . Max Gunslinging Chain 1 | . 1 1 1 1 1 . . . . Shots Hit Robots 860 | 27 59 138 250 115 143 55 . 10 63 Core Hits 490 | 8 27 58 102 105 79 37 . 4 70 Critical Kills 6 | . . 1 2 3 . . . . . Critical Parts Destroyed 11 | 1 . 3 3 4 . . . . . Critical Strikes 29 | 1 . 4 5 10 4 2 . 1 2 Burn 4 | . . . . . 1 2 . . 1 Destroy 17 | 1 . 4 5 7 . . . . . Blast 3 | . . . . 2 1 . . . . Sever 4 | . . . . 1 2 . . . 1 Impale 1 | . . . . . . . . 1 . Melee Attacks 81 | . . . . 31 28 . . 18 4 Impact . | . . . . . . . . . . Slashing 70 | . . . . 31 28 . . 7 4 Piercing 11 | . . . . . . . . 11 . Sneak Attacks 26 | . . . . 11 5 . . 9 1 Combat Hostiles . | . . . . . . . . . . Follow-up Attacks . | . . . . . . . . . . Damage Inflicted 23460 | 307 902 2280 4161 5150 5067 1815 62 795 2921 Guns 13098 | 307 902 2280 3998 1333 2202 1033 . . 1043 Cannons 1196 | . . . . 627 486 83 . . . Explosions 6303 | . . . 162 2286 1414 681 62 . 1698 Melee 2844 | . . . . 904 965 . . 795 180 Ramming 19 | . . . 1 . . 18 . . . Kinetic 13473 | 307 902 2280 3808 1960 2396 1044 . . 776 Thermal 1132 | . . . 162 . 292 411 . . 267 Explosive 5802 | . . . . 2286 1414 342 62 . 1698 Electromagnetic 190 | . . . 190 . . . . . . Impact . | . . . . . . . . . . Slashing 2352 | . . . . 904 965 . . 303 180 Piercing 492 | . . . . . . . . 492 . Highest Corruption 15 | . . . . 2 9 . 8 13 15 Average Corruption 7 | . . . . 1 6 . 8 12 14 Corruption Purged . | . . . . . . . . . . Corruption Blocked . | . . . . . . . . . . Effects 100 | . . . . 13 35 . 1 16 35 Message Errors 19 | . . . . 2 5 . . 2 10 Matter Fused 21 | . . . . 3 8 . . 5 5 Heat Flow Errors 14 | . . . . 3 3 . . 4 4 Energy Discharges 11 | . . . . 1 4 . . 2 4 Parts Rejected 5 | . . . . . 2 . . . 3 Data Loss (minor) 14 | . . . . 3 5 . . 3 3 Data Loss (major) 4 | . . . . . 3 . . . 1 Misfires 2 | . . . . 1 . . 1 . . Alerts 1 | . . . . . 1 . . . . Misdirections 3 | . . . . . . . . . 3 Weapon Failures 6 | . . . . . 4 . . . 2 Overload Shots . | . . . . . . . . . . Overflow Damage 717 | . . . . 315 105 5 . 213 79 Projectiles 30 | . . . . 20 5 5 . . . Explosions 117 | . . . . 104 1 . . . 12 Melee 570 | . . . . 191 99 . . 213 67 Knockbacks 7 | . . . . 4 3 . . . . Impact . | . . . . . . . . . . Kinetic 6 | . . . . 4 2 . . . . Secondary 1 | . . . . . 1 . . . . Self-Inflicted Damage 555 | . . . 21 90 185 62 35 . 162 Shots 16 | . . . 1 3 6 1 1 . 4 Rammed 2 | . . . 2 . . . . . . Targets Rammed 3 | . . . 2 . . 1 . . . Kicked 1 | . . . . . . 1 . . . Crushed . | . . . . . . . . . . Highest Temperature 305 | . 16 220 246 262 305 54 . 259 190 Average Temperature 57 | . 4 39 63 50 81 34 . 91 31 Received Heat Transfer 3396 | . 90 336 819 567 882 144 . 18 540 Effects 2 | . . 1 1 . . . . . . Interference 2 | . . 1 1 . . . . . . Siege Activations . | . . . . . . . . . . Martial Activations . | . . . . . . . . . . Shielding Activations . | . . . . . . . . . . Robots Disrupted . | . . . . . . . . . . Combat Hostiles . | . . . . . . . . . . Robots Corrupted . | . . . . . . . . . . Combat Hostiles . | . . . . . . . . . . Parts Fried 2 | . . . 1 . 1 . . . . Impact Corruptions . | . . . . . . . . . . Robots Melted . | . . . . . . . . . . Combat Hostiles . | . . . . . . . . . . Parts Melted 7 | . . 1 . . 3 3 . . . Heat Transferred 2084 | . . . 200 . 555 700 . . 629 Parts Sabotaged . | . . . . . . . . . . Parts Stolen . | . . . . . . . . . . Parts Stripped . | . . . . . . . . . . Power Chain Reactions 3 | . . . 2 . . 1 . . . Alert | -11 -10 -9 -8 -7 -7 -6 -6 -6 -6 ------- Run | Yrd Mat Mat Mat Fac Sto Fac Was Fac Ext Maximum Alert Level 3 | . . 1 2 3 2 1 . . . Low Security (%) 54 | 100 100 49 46 27 17 79 100 100 100 Level 1 34 | . . 50 49 33 61 20 . . . Level 2 8 | . . . 3 28 20 . . . . Level 3 2 | . . . . 10 . . . . . Level 4 . | . . . . . . . . . . Level 5 . | . . . . . . . . . . High Security . | . . . . . . . . . . Max Security . | . . . . . . . . . . Peak Influence 736 | 10 182 318 419 736 621 272 74 107 117 Initial 274 | . . 15 100 187 274 266 66 49 42 Average 207 | 1 102 175 207 350 349 114 71 60 30 Influence Increases 6330 | 25 468 887 1031 1592 1063 368 14 265 617 Destroy 0b10 Robot/C 3280 | . 280 600 620 680 620 120 . . 360 Destroy 0b10 Robot/NC 595 | 25 50 75 100 160 50 65 . 30 40 Destroy Leader 824 | . 58 142 196 208 168 10 . . 42 Allied During Kill 98 | . . . . 15 16 . . . 67 Successful Hack 163 | . 16 18 37 46 10 18 . 18 . Select Force Hacks 50 | . . . . 20 . 30 . . . Disable Machine 285 | . 15 30 . 75 60 90 . 15 . Anti-Garrison Action 150 | . . . . 150 . . . . . Destroy Structure 330 | . 4 7 18 88 94 35 14 7 63 Partial Spotted 105 | . . . . 15 . . . 75 15 Lose Combat Pursuer 450 | . 45 15 60 135 45 . . 120 30 Influence Decreases 6330 | 25 430 686 857 1401 1082 764 133 247 705 Entered New Map 1227 | . . 23 139 226 330 319 123 21 46 Time Decay 3569 | 25 430 527 688 625 482 295 10 206 281 Lost Part 348 | . . 10 30 50 100 . . 10 148 Lost Ally 310 | . . . . 50 20 . . 10 230 Purge Threat 876 | . . 126 . 450 150 150 . . . Squads Dispatched 45 | . 2 3 3 19 7 4 . 5 2 Investigation 15 | . 2 1 3 3 . 2 . 3 1 Extermination 10 | . . . . 5 2 2 . 1 . Reinforcement 12 | . . 2 . 5 3 . . 1 1 Assault 5 | . . . . 3 2 . . . . Garrison 3 | . . . . 3 . . . . . Intercept . | . . . . . . . . . . Searches Triggered . | . . . . . . . . . . Construction Impeded 5 | . . 1 . 3 1 . . . . Haulers Reinforced 1 | . . . . . 1 . . . . Active Scanning Responses . | . . . . . . . . . . Cargo Convoy Interrupts . | . . . . . . . . . . Stealth | -11 -10 -9 -8 -7 -7 -6 -6 -6 -6 --------- Run | Yrd Mat Mat Mat Fac Sto Fac Was Fac Ext Distress Signals 11 | . . 4 3 1 1 . . . 2 Communications Jammed . | . . . . . . . . . . Distress Signals . | . . . . . . . . . . Times Spotted 255 | . 21 39 48 52 40 11 4 14 26 Peak Tracking Total 9 | . 4 5 5 6 9 3 4 4 9 Tactical Retreats 21 | . 2 1 3 6 2 . . 5 2 Traps | -11 -10 -9 -8 -7 -7 -6 -6 -6 -6 ------- Run | Yrd Mat Mat Mat Fac Sto Fac Was Fac Ext Traps Triggered 11 | . 3 2 2 . . 1 . 2 1 Indirectly . | . . . . . . . . . . Trap Hack Attempts . | . . . . . . . . . . Triggered . | . . . . . . . . . . Disarmed 5 | . . . . . . 5 . . . Reprogrammed . | . . . . . . . . . . Reused . | . . . . . . . . . . Traps Extracted . | . . . . . . . . . . Installed . | . . . . . . . . . . Triggered . | . . . . . . . . . . Machines | -11 -10 -9 -8 -7 -7 -6 -6 -6 -6 ---------- Run | Yrd Mat Mat Mat Fac Sto Fac Was Fac Ext Machines Disabled 20 | . 1 2 . 6 4 6 . 1 . Max in Single Turn 3 | . 1 1 . 2 1 3 . 1 . Garrison Access 4 | . . . 1 1 . 1 . 1 . Machines Repaired . | . . . . . . . . . . Machines Dismantled . | . . . . . . . . . . Machines Sabotaged . | . . . . . . . . . . Overloaded Fab Kills . | . . . . . . . . . . Hacking | -11 -10 -9 -8 -7 -7 -6 -6 -6 -6 --------- Run | Yrd Mat Mat Mat Fac Sto Fac Was Fac Ext Machines Accessed 80 | . 10 12 17 12 6 9 . 11 3 Terminals 46 | . 8 8 10 4 5 5 . 3 3 Fabricators 5 | . . . . 3 . . . 2 . Repair Stations 8 | . 1 1 2 3 . . . 1 . Recycling Units 11 | . 1 2 2 . 1 2 . 3 . Scanalyzers 6 | . . 1 2 1 . 1 . 1 . Garrison Access 4 | . . . 1 1 . 1 . 1 . Total Hacks 248 | . 28 42 57 33 14 27 . 42 5 Successful 144 | . 13 30 28 19 9 19 . 25 1 Failed 104 | . 15 12 29 14 5 8 . 17 4 Catastrophic 11 | . 1 . 6 2 . . . . 2 Database Lockouts . | . . . . . . . . . . Manual 130 | . 24 21 24 19 8 18 . 15 1 Terminals 128 | . 21 18 30 16 11 18 . 9 5 Fabricators 20 | . . . . 8 . . . 12 . Repair Stations 24 | . 2 3 10 6 . . . 3 . Recycling Units 37 | . 5 5 9 . 3 4 . 11 . Scanalyzers 32 | . . 16 6 2 . 3 . 5 . Garrison Access 7 | . . . 2 1 . 2 . 2 . Terminal Hacks 31 | . 2 3 4 8 5 5 . 3 1 Record 1 | . . . . 1 . . . . . Part Schematic 1 | . . . . . . 1 . . . Robot Schematic 1 | . 1 . . . . . . . . Robot Analysis 9 | . 1 2 2 2 . . . 2 . Open Door 4 | . . . . . 2 . . 1 1 Branch Access Points 2 | . . . 1 1 . . . . . Terminal Index 1 | . . . . . . 1 . . . Alert Level 2 | . . . . 1 1 . . . . Unreport Threat 6 | . . 1 . 3 1 1 . . . Locate Traps 1 | . . . 1 . . . . . . Disarm Traps 1 | . . . . . . 1 . . . Recall Extermination 1 | . . . . . . 1 . . . Hauler Manifests 1 | . . . . . 1 . . . . Fabricator Hacks 2 | . . . . . . . . 2 . Load Schematic 1 | . . . . . . . . 1 . Build 1 | . . . . . . . . 1 . Repair Station Hacks 14 | . 2 2 5 3 . . . 2 . Scan Component 7 | . 1 1 2 2 . . . 1 . Repair 6 | . 1 1 2 1 . . . 1 . Refit 1 | . . . 1 . . . . . . Recycling Unit Hacks 7 | . 1 1 . . 1 2 . 2 . Retrieve Components 7 | . 1 1 . . 1 2 . 2 . Scanalyzer 28 | . . 14 6 2 . 2 . 4 . Insert Component 14 | . . 7 3 1 . 1 . 2 . Analyze 14 | . . 7 3 1 . 1 . 2 . Garrison Access Hacks 3 | . . . 1 . . 1 . 1 . Seal Access 3 | . . . 1 . . 1 . 1 . Unauthorized Hacks 59 | . 8 10 12 6 3 9 . 11 . Terminals 33 | . 7 7 8 1 2 7 . 1 . Track 2 | . 1 . . . . 1 . . . Assimilate 3 | . . . 1 . 1 . . 1 . Botnet 6 | . 1 1 1 . 1 2 . . . Operators 2 | . . . 1 . . 1 . . . Skim 20 | . 5 6 5 1 . 3 . . . Fabricators 10 | . . . . 5 . . . 5 . Prioritize 1 | . . . . . . . . 1 . Liberate 5 | . . . . 3 . . . 2 . Fabnet 1 | . . . . . . . . 1 . Haulers 1 | . . . . . . . . 1 . Download 1 | . . . . 1 . . . . . Recompile 1 | . . . . 1 . . . . . Repair Stations . | . . . . . . . . . . Recycling Units 15 | . 1 3 4 . 1 1 . 5 . Monitor 1 | . . . . . . . . 1 . Reject 8 | . 1 2 2 . 1 1 . 1 . Recyclers 4 | . . 1 1 . . . . 2 . Mask 2 | . . . 1 . . . . 1 . Scanalyzers 1 | . . . . . . 1 . . . Extract 1 | . . . . . . 1 . . . Garrison Access . | . . . . . . . . . . Data Cores Recovered 2 | . . . . . . 1 . 1 . Used . | . . . . . . . . . . Hacking Detections 71 | . 8 10 17 11 5 8 . 10 2 Full Trace Events 7 | . . . 1 1 . 1 . 3 1 Feedback Events . | . . . . . . . . . . Feedback Blocked . | . . . . . . . . . . Robot Schematics Acquired 2 | . 1 . . 1 . . . . . Robots Built . | . . . . . . . . . . Authchips . | . . . . . . . . . . Time . | . . . . . . . . . . Total Robot Build Rating . | . . . . . . . . . . Part Schematics Acquired 17 | . . 7 3 1 . 4 . 2 . Parts Built 2 | . . . . . . . . 2 . Authchips . | . . . . . . . . . . Time 58 | . . . . . . . . 58 . Total Part Build Rating 14 | . . . . . . . . 14 . Parts Repaired 6 | . 1 1 2 1 . . . 1 . Time 227 | . 26 51 76 44 . . . 30 . Parts Recycled . | . . . . . . . . . . Recycled Matter . | . . . . . . . . . . Retrieved Matter . | . . . . . . . . . . Retrieved Components 19 | . 9 . . . 4 2 . 4 . Parts Scanalyzed 14 | . . 7 3 1 . 1 . 2 . Part Schematics Acquired 14 | . . 7 3 1 . 1 . 2 . Parts Damaged . | . . . . . . . . . . Bothacking | -11 -10 -9 -8 -7 -7 -6 -6 -6 -6 ------------ Run | Yrd Mat Mat Mat Fac Sto Fac Was Fac Ext Used RIF Installer . | . . . . . . . . . . Robots Hacked . | . . . . . . . . . . Non-combat . | . . . . . . . . . . Combat . | . . . . . . . . . . Robot Hacks Applied . | . . . . . . . . . . Relay Couplers Released 2 | . . . . 2 . . . . . Machine Destruction 2 | . . . . 2 . . . . . Fabnet Peak Effective % . | . . . . . . . . . . Robots Rewired 13 | . . . . . . . . . 13 Allies Hacked . | . . . . . . . . . . Hacks Repelled . | . . . . . . . . . . Allies | -11 -10 -9 -8 -7 -7 -6 -6 -6 -6 -------- Run | Yrd Mat Mat Mat Fac Sto Fac Was Fac Ext Total Allies 22 | . . . 1 2 3 . . 1 15 Largest Group 9 | . . . 1 2 2 . . 1 9 Highest-Rated Group 264 | . . . 10 64 62 . . 10 264 Highest-Rated Ally 39 | . . . 10 32 31 . . 10 39 Total Orders . | . . . . . . . . . . Ally Attacks 143 | . . . . 9 18 . . . 116 Total Damage 2751 | . . . . 312 274 . . . 2165 Kills 19 | . . . . 6 3 . . . 10 Allies Corrupted . | . . . . . . . . . . Allies Melted 1 | . . . . 1 . . . . . Intel | -11 -10 -9 -8 -7 -7 -6 -6 -6 -6 ------- Run | Yrd Mat Mat Mat Fac Sto Fac Was Fac Ext Active Infowar (turns) 4729 | 81 170 . 3029 923 . 188 . 145 193 Sensors 885 | . . . . 885 . . . . . Structural 4012 | . . . 3029 457 . 188 . 145 193 Seismic 251 | 81 170 . . . . . . . . Robot Analysis Total 9 | . 1 2 2 2 . . . 2 . Derelict Logs Recovered . | . . . . . . . . . . Drone Launches . | . . . . . . . . . . Drone Recoveries . | . . . . . . . . . . Exploration | -11 -10 -9 -8 -7 -7 -6 -6 -6 -6 ------------- Run | Yrd Mat Mat Mat Fac Sto Fac Was Fac Ext Turns Passed 11647 | 145 1081 1686 3032 2276 1250 848 24 438 867 Spaces Moved 7250 | 94 726 899 1368 1259 525 621 79 909 770 Core 2 | 2 . . . . . . . . . Treads 1956 | . . 180 1368 35 373 . . . . Legs 2903 | . . 625 . 1224 152 542 . . 360 Wheels 912 | 92 726 94 . . . . . . . Hover . | . . . . . . . . . . Flight 1477 | . . . . . . 79 79 909 410 Fastest Speed 20 | 50 80 95 150 120 120 20 20 20 20 Average Speed 108 | 79 92 126 153 133 158 107 20 20 67 Slowest Speed 330 | 80 95 260 160 190 330 120 20 20 120 Overloaded Moves . | . . . . . . . . . . Propulsion Burnouts . | . . . . . . . . . . Robots Hopped 11 | . . . . . . . . 2 9 Potential Cave-ins . | . . . . . . . . . . Cave-ins Triggered . | . . . . . . . . . . Exploration Rate (%) 53 | 5 87 67 87 39 67 16 82 24 56 Regions Visited 9 Branch Regions 2 Pre-discovered Areas 8 | . 1 3 4 . . . . . . Known Exits Taken 4 | . . 1 1 1 1 . . . . Unknown Exits Taken 3 | 1 1 . . . . . . 1 . Scrap Searched . | . . . . . . . . . . Spaces Dug 123 | . . . 1 30 84 1 . 7 . Terrain Destroyed 349 | . . 1 15 81 115 35 18 7 77 Melee 19 | . . . . 12 . . . 7 . Projectile 17 | . . 1 2 3 8 3 . . . AOE 313 | . . . 13 66 107 32 18 . 77 Terrain Rammed . | . . . . . . . . . . Walls Destroyed . | . . . . . . . . . . Machines Disabled . | . . . . . . . . . . Actions | -11 -10 -9 -8 -7 -7 -6 -6 -6 -6 --------- Run | Yrd Mat Mat Mat Fac Sto Fac Was Fac Ext Total 9862 | 126 1039 1258 2033 1665 755 745 84 1134 1023 Wait 1338 | . 219 213 446 226 30 21 1 175 7 Move 7224 | 93 725 898 1367 1258 524 621 78 904 756 Hop 7 | . . . . . . . . 2 5 Pick Up 115 | 6 17 12 23 14 16 13 2 7 5 Fast Attach 111 | 6 5 13 7 12 35 3 . 7 23 Attach 50 | 1 . 7 7 7 4 12 1 3 8 Detach 9 | . . . 1 . . 1 1 1 5 Swap 101 | 1 7 8 23 31 12 14 . 3 2 Drop 174 | . 16 20 32 19 36 28 . 14 9 Fire 496 | 19 50 87 125 67 70 31 1 . 46 Melee 81 | . . . . 31 28 . . 18 4 Ram . | . . . . . . . . . . Kick 1 | . . . . . . 1 . . . Crush 2 | . . . 2 . . . . . . Escape Stasis 18 | . . . . . . . . . 18 Rewire 135 | . . . . . . . . . 135 Trap . | . . . . . . . . . . Miscellaneous . | . . . . . . . . . . Route ------- -11/Scrapyard -10/Materials (discovered 6 exits: *Mat x3 / *Min x2 / Sub) -9/Materials (discovered 4 exits: *Mat x3 / *Min) -8/Materials (discovered 3 exits: *Fac x3) -7/Factory (discovered 6 exits: *Fac x2 / *Sto x2 / *Low x2) -7/Storage (discovered 2 exits: *Fac / Rec) -6/Factory -6/Waste -6/Factory -6/Extension (discovered 1 exit: Fac) History --------- Turn | Location | Event 27 | -11/Scrapyard | Discovered new exit (range 16) 146 | -11/Scrapyard | Entered Materials 313 | -10/Materials | Build established: Mutant 356 | -10/Materials | Discovered new exit (range 12) 676 | -10/Materials | Repaired Ion Engine 682 | -10/Materials | Discovered new exit (range 15) 895 | -10/Materials | Discovered new exit (range 13) 928 | -10/Materials | Learned Storage trap positions 984 | -10/Materials | Learned 2 Storage zone layouts 1027 | -10/Materials | Discovered new exit (range 15) 1028 | -10/Materials | Learned Storage stockpile data 1063 | -10/Materials | Learned location of 1 exit from Storage 1090 | -10/Materials | Identified exit to Mines 1090 | -10/Materials | Identified exit to Subcaves 1090 | -10/Materials | Learned location of 1 exit from Materials 1126 | -10/Materials | Learned 4 Subcaves zone layouts 1170 | -10/Materials | Learned location of 2 exits from Subcaves 1227 | -10/Materials | Entered another Materials area 1227 | -9/Materials | Evolved 2 slots: Propulsion x1, Weapon x1 1228 | -9/Materials | Identified exit to Mines 1516 | -9/Materials | Build established: Tank 1589 | -9/Materials | Discovered new exit (range 13) 2165 | -9/Materials | Learned location of Storage (-7) 2204 | -9/Materials | Loaded intel: 12 terminal locations 2231 | -9/Materials | Identified exit to Materials 2251 | -9/Materials | Learned 4 Materials zone layouts 2260 | -9/Materials | Learned location of 1 exit from Recycling 2279 | -9/Materials | Learned location of Zion (-7) 2309 | -9/Materials | Learned location of 1 exit from Storage 2571 | -9/Materials | Repaired Imp. Assault Rifle 2913 | -9/Materials | Entered another Materials area 2913 | -8/Materials | Evolved 2 slots: Utility x2 2914 | -8/Materials | Identified exit to Factory 3527 | -8/Materials | Discovered exit to Factory (range 8) 3894 | -8/Materials | Repaired Recoil Stabilizer 4151 | -8/Materials | Learned location of Lower Caves (-6) 4229 | -8/Materials | Learned Factory trap positions 4253 | -8/Materials | Learned location of Recycling (-7) 4265 | -8/Materials | Learned Storage stockpile data 4266 | -8/Materials | Learned location of 1 exit from Extension 4267 | -8/Materials | Learned location of Extension (-6) 4268 | -8/Materials | Learned Storage emergency access door positions 5816 | -8/Materials | Repaired Adv. Treads 5945 | -8/Materials | Entered Factory 5945 | -7/Factory | Accompanied by 1 ally 5945 | -7/Factory | Evolved 2 slots: Propulsion x1, Utility x1 5946 | -7/Factory | Identified exit to Factory 5946 | -7/Factory | Identified exit to Lower Caves 5947 | -7/Factory | Loaded intel: 90 trap records 6416 | -7/Factory | Garrison activated, responded to threat 6470 | -7/Factory | Build established: Skirmisher 7013 | -7/Factory | Lost 3 parts (2u1w) 7205 | -7/Factory | Repaired Imp. Carbon-fiber Leg 7534 | -7/Factory | Build established: Mutant 7545 | -7/Factory | First assault squad dispatched 7923 | -7/Factory | Identified exit to Storage 8054 | -7/Factory | Discovered exit to Factory (range 7) 8221 | -7/Factory | Entered Storage 8222 | -7/Storage | Identified exit to Recycling 8224 | -7/Storage | Loaded intel: 16 trap records 8282 | -7/Storage | Build established: Gunner 8633 | -7/Storage | Core integrity fell below 50% 8649 | -7/Storage | Build established: Mutant 8985 | -7/Storage | Build established: Tank 9238 | -7/Storage | Met a pair of Derelict thieves 9311 | -7/Storage | Lost 3 parts (1p1u1w) 9316 | -7/Storage | Destroyed 7 combat bots 9471 | -7/Storage | Entered Factory 9471 | -6/Factory | Evolved 2 slots: Propulsion x2 10296 | -6/Factory | Spotted B-75 Beast 10319 | -6/Factory | Sucked down chute 10319 | -6/Factory | Entered Waste 10321 | -6/Waste | Spotted C-40 Crusher 10322 | -6/Waste | Spotted C-40 Crusher 10323 | -6/Waste | Spotted C-40 Crusher 10324 | -6/Waste | Spotted C-40 Crusher 10331 | -6/Waste | Spotted C-40 Crusher 10334 | -6/Waste | EMP discharged 10336 | -6/Waste | Spotted C-40 Crusher 10337 | -6/Waste | Discovered new exit (range 11) 10343 | -6/Waste | Entered Factory 10352 | -6/Factory | System corruption reached 10% 10494 | -6/Factory | Repaired Imp. VTOL Module 10588 | -6/Factory | Fabricated Nanoactuators (x2) 10719 | -6/Factory | Allied Derelicts emerged from ambush trap array 10723 | -6/Factory | Discovered new exit (range 9) 10781 | -6/Factory | Entered Extension 10782 | -6/Extension | Identified exit to Factory 10793 | -6/Extension | Build established: Hacker-Sprinter 10849 | -6/Extension | Rescued a captive Derelict 10849 | -6/Extension | Rescued a captive Derelict 10912 | -6/Extension | Core integrity fell below 50% 10968 | -6/Extension | Lost 4 allies 11016 | -6/Extension | Core integrity fell below 20% 11040 | -6/Extension | Destroyed 7 combat bots 11050 | -6/Extension | Lost 7 parts (1p2n1u3w) 11431 | -6/Extension | Disrupted transfer network 11471 | -6/Extension | Spotted B-75 Beast 11482 | -6/Extension | Spotted B-75 Beast 11503 | -6/Extension | Allies destroyed B-75 Beast 11506 | -6/Extension | Allies destroyed B-75 Beast 11559 | -6/Extension | Lost 4 parts (2n1u1w) 11561 | -6/Extension | Lost 7 allies 11648 | -6/Extension | Destroyed by G-50 Soldier with Heavy Laser Last Messages --------------- 11579_ Acquired Unknown Special Weapon. 11579_ Identified Welding Torch. 11579_ U-05 Engineer lays Concrete. 11580_ Dropped Welding Torch. 11581_ U-05 Engineer lays Concrete. 11582_ Acquired Pulse Rifle. 11584_ U-05 Engineer lays Concrete. 11596_ Acquired 1 matter. 11596_ U-05 Engineer lays Concrete. 11597_ Acquired 6 matter. 11598_ U-05 Engineer lays Concrete. 11600_ System corrupted: Energy discharge (-40). 11603_ U-05 Engineer lays Concrete. 11609_ Acquired 4 matter. 11609_ U-05 Engineer lays Concrete. 11612_ U-05 Engineer builds a Wall. 11613_ U-05 Engineer lays Concrete. 11640_ System corrupted: Heat flow error (+236). 11646_ X9-LSC(g) destroyed. 11648_ Critical hit (Burn: +37). Map ----- +----------------------------------------------------+ | ##??????????????????????????????????????????? | | ##??????????????????????????????????????????? | | ^ ##??????????????????????????????????????????? | | ##??????????????????????????????????????????? | | ##??????????????????????????????????????????? | | ##??????????????????????????????????????????? | | ##??????????????????????????????????????????? | | ##??????????????????????????????????????????? | | #### ##???????? ?????????????????????????????????? | | T### ##???????? ?????????????????????????????????? | | ###? ##???????? ?????????????????????????????????? | | ###? ##???????# ?????????????????????????????????? | | ##?# ##???????# #????????????????????????????????? | | ##?# ##???????# #????????????????????????????????? | | ???# #????????# #????????????????????????????????? | | ???# #????????# #????????????????????????????????? | | ???# #?######?# #????????????????????????????????? | | ?### ### ## ### ###??????????????????????????????? | | ?#"" "" "" ""#??????????????????????????????? | | ?# " " " " #??????????????????????????????? | | ## %= #??????????????????????????????? | | [*! R #??????????????????????????????? | | ## % " R ############################???? | | /% % "% ??? | | % [ b ??? | | ! @ =% ??? | | * * t ! g ??? | | % =%% =R* tktk g ??? | | ##! = ############################???? | | # #??????????????????????????????? | | # #??????????????????????????????? | | ## #??????????????????????????????? | | ?# #??????????????????????????????? | | ?######T#"""#######??????????????????????????????? | | ??????###????????????????????????????????????????? | | ?????????????????????????????????????????????????? | | | | | | | | | | | | | | | | | | | | | | | | | | | | | +----------------------------------------------------+ Best States ------------- Heat Dissipation 97 Coolant Potential 65 Energy Generation 18 Energy Capacity 310 Matter Stores 300 Matter Capacity 300 Sight Range 16 Robot Scan Range 15 Terrain Scan Density 10 Armor Coverage 300 Resistance: KI 20 Resistance: TH 10 Melee Speed Boost 30 Evasion (%) 66 Targeting Accuracy 8 Melee Accuracy 6 Target Analysis 5 Recoil Reduction 8 Salvage Targeting 2 Offensive Hacking 36 Defensive Hacking 10 Authchip Count 1 Item Schematics ----------------- Med. Armor Plating | -9/Materials | Scanalyzed Recoil Stabilizer | -9/Materials | Scanalyzed Imp. Assault Rifle | -9/Materials | Scanalyzed Plasma Cutter | -9/Materials | Scanalyzed Structural Scanner | -9/Materials | Scanalyzed Carbon-fiber Leg | -9/Materials | Scanalyzed EM Shotgun | -9/Materials | Scanalyzed Hacking Suite | -8/Materials | Scanalyzed Imp. Treads | -8/Materials | Scanalyzed Mni. Grenade Launcher | -8/Materials | Scanalyzed Arm. Huge Wheel | -7/Factory | Scanalyzed Imp. Propulsion Shielding | -6/Factory | Hacked Imp. VTOL Module | -6/Factory | Scanalyzed Insulated Plating | -6/Factory | Extracted Imp. Deuterium Engine | -6/Factory | Extracted Nanoactuators | -6/Factory | Scanalyzed Cld. Plasma Cannon | -6/Factory | Scanalyzed Robot Schematics ------------------ M-13 Machinist | -10/Materials | Hacked Y-54 Guardian | -7/Factory | Downloaded Fabricated ------------ Nanoactuators | x2 | -6/Factory Repaired ---------- Ion Engine | 13% | -10/Materials Imp. Assault Rifle | 38% | -9/Materials Recoil Stabilizer | 44% | -8/Materials Adv. Treads | 27% | -8/Materials Imp. Carbon-fiber Leg | 8% | -7/Factory Imp. VTOL Module | 68% | -6/Factory Alien Tech Used ----------------- None Achievements -------------- None Challenges ------------ None Game ------ Seed NodeSurgeCapacitor Manual? 0 Play Time 01:58:52 Cumulative 740.2 hours Start 2025.05.08 @ 19:03:27 End 2025.05.08 @ 21:00:01 Sessions 1 Manual Loads 0 Difficulty Rogue Special Mode None Game No. 172 Rogue 34 Adventurer 138 Explorer 0 Win Type - Total 11 Types 7/0/1/2/0/0/0/0/1/0 Lore% 78 Gallery% 77 Achievement% 76 Wizard Run 0 Options --------- Layout 2 ASCII 0 Keyboard 0 Movement Mouse Keybinds 0 Fullscreen 1 Font 24/Smallcaps Map View 50x49 Zoom Use 0% Tactical HUD 1 Map Filters NONE Filters NONE Steam 1 RUN: a9d86273-398b-43da-83b0-30c8bb7c6582